 Dungeon Crawl Stone Soup version 0.18-a0-1392-g59a4c01 (webtiles) character file.

11885 Oddball22 the Fighter (level 11, -6/103 HPs)
             Began as a Minotaur Fighter on Feb 23, 2016.
             Was an Elder of Qazlal.
             Killed by divine providence
             ... invoked by an orc high priest
              (12 damage)
             ... on level 1 of the Orcish Mines.
             The game lasted 00:25:49 (11428 turns).

Oddball22 the Fighter (Minotaur Fighter)           Turns: 11428, Time: 00:25:49

Health: -6/103     AC: 12    Str: 23    XL:     11   Next: 55%
Magic:  9/15       EV: 12    Int:  5    God:    Qazlal [****..]
Gold:   719        SH: 20    Dex: 13    Spells: 0 memorised, 10 levels left

rFire  . . .     SeeInvis +     a - +0 flail
rCold  . . .     Gourm    .     N - +2 leather armour {rPois}
rNeg   . . .     Faith    .     c - +0 shield
rPois  +         Spirit   .     (helmet restricted)
rElec  .         Dismiss  .     E - +0 cloak
rCorr  .         Reflect  +     (no gloves)
SustAt .         Harm     .     G - +0 pair of boots
MR     +....                    M - +3 amulet of reflection
Stlth  +.........               I - +2 ring of strength
                                i - ring of protection from magic

@: protected from physical damage, very slightly contaminated, repel missiles,
invisible, somewhat resistant to hostile enchantments, very unstealthy
A: retaliatory headbutt, beak, horns 2, see invisible, wild magic 1
a: Upheaval, Elemental Force, Renounce Religion


You were on level 1 of the Orcish Mines.
You worshipped Qazlal.
Qazlal was greatly pleased with you.
You were not hungry.

You visited 3 branches of the dungeon, and saw 13 of its levels.

You collected 719 gold pieces.

Inventory:

Hand Weapons
 a - a +0 flail (weapon)
 b - a +0 hand crossbow
 Y - a +2 arbalest of flaming
Missiles
 C - 90 bolts
Armour
 c - a +0 shield (worn)
 E - a +0 cloak (worn)
 G - a +0 pair of boots (worn)
 N - a +2 leather armour of poison resistance (worn)
 O - a +0 scale mail
 X - a +3 plate armour
Jewellery
 i - a ring of protection from magic (left hand)
 I - a +2 ring of strength (right hand)
 M - a +3 amulet of reflection (around neck)
Wands
 v - a wand of confusion (6/48)
 H - a wand of disintegration (15/24)
 P - a wand of confusion (16/48)
 S - a wand of enslavement (10/24)
 W - a wand of iceblast (10/15)
Scrolls
 e - 5 scrolls of noise {unknown}
 l - 13 scrolls of identify {unknown}
 p - 2 scrolls of magic mapping {unknown}
 q - 2 scrolls of immolation {unknown}
 s - a scroll of blinking {unknown}
 t - a scroll of fog {unknown}
 u - 3 scrolls of teleportation {unknown}
 w - 3 scrolls of fear {unknown}
 y - 6 scrolls of remove curse {unknown}
 B - 3 scrolls of amnesia {unknown}
 D - 3 scrolls of enchant armour {unknown}
 J - a scroll of recharging {unknown}
 L - a scroll of random uselessness {unknown}
 U - a scroll of holy word {unknown}
Potions
 n - 2 potions of degeneration
 o - 3 potions of brilliance
 r - a potion of flight
 A - a potion of agility
 T - a potion of experience {unknown}
Books
 g - a book of Necromancy

   Spells                             Type                      Level
   a - Pain                           Necromancy                   1
   b - Animate Skeleton               Necromancy                   1
   c - Vampiric Draining              Necromancy                   3
   d - Regeneration                   Charms/Necromancy            3
   e - Animate Dead                   Necromancy                   4
   f - Control Undead                 Necromancy                   4
 z - a book of the Warp

   Spells                             Type                      Level
   a - Recall                         Summoning/Translocation      3
   b - Gell's Gravitas                Hexes/Translocation          3
   c - Force Lance                    Conjuration/Translocation    4
   d - Warp Weapon                    Charms/Translocation         5
   e - Summon Forest                  Summoning/Translocation      5
 R - a book of Geomancy

   Spells                             Type                      Level
   a - Sandblast                      Earth                        1
   b - Passwall                       Transmutation/Earth          2
   c - Stone Arrow                    Conjuration/Earth            3
   d - Petrify                        Transmutation/Earth          4
   e - Lee's Rapid Deconstruction     Earth                        5
Miscellaneous
 Q - a phantom mirror
 V - a sack of spiders
Comestibles
 d - 11 royal jellies
 f - 7 bread rations
 h - 14 fruits
 k - 2 slices of pizza
 m - 5 meat rations
 K - 9 beef jerkies


   Skills:
 - Level 11.6 Fighting
 + Level 10.0 Maces & Flails
 + Level 4.0 Crossbows
 + Level 9.6 Armour
 - Level 4.0 Dodging
 + Level 9.9 Shields
 + Level 6.8 Invocations


You had 10 spell levels left.
You didn't know any spells.

Dungeon Overview and Level Annotations

Branches:
Dungeon (11/15)            Temple (1/1) D:5            Lair (0/8) D:9
    Orc (1/2) D:11

Altars:
Ashenzari
Cheibriados
Dithmenos
Elyvilon
Fedhas
Gozag
Kikubaaqudgha
Makhleb
Nemelex Xobeh
Okawaru
Pakellas
Qazlal
Ru
Sif Muna
Trog
Vehumet
Xom
Yredelemnul
Zin
The Shining One

Shops:
D:4 [   D:11 [   Orc:1 %


Innate Abilities, Weirdness & Mutations

You reflexively headbutt those who attack you in melee.
You have a pair of horns on your head.
You have a beak for a mouth.
You have supernaturally acute eyesight.
Your spells are a little harder to cast, but a little more powerful.


Message History

The orc high priest is engulfed in a cloud of scalding steam.
The orc high priest barely misses you.
Your air elemental misses the chaos spawn.
The chaos spawn is engulfed in roaring flames.
The chaos spawn gores you!
* * * LOW HITPOINT WARNING * * *
The chaos spawn freezes you!
* * * LOW HITPOINT WARNING * * *
The orc priest is engulfed in a cloud of scalding steam.
The orc priest hits your air elemental with a hand axe!
Your air elemental hits the orc priest.
The orc priest dies!
Qazlal accepts your kill.
Your air elemental hits the chaos spawn.
The chaos spawn dies!
The chaos spawn degenerates into a cloud of primal chaos!
The orc high priest is engulfed in a cloud of scalding steam.
The orc high priest calls down the wrath of Beogh upon you.
Beogh smites you!
You die...

...#.#.....###.....##..
..#.......#............
.....##..#............#
.....####....####.....#
#.....# #....#.##....#
).....###............#.#
)))..#..####...§E..§..#
...###...# ##....§E##
...#.#...###.#.§@3§.#
..##.......###..§E§o#
...#........##..§#§#3...
............#...####
.#.# ......#........## #
......####....##
......##....##
..##........#
..##....#####


You could see an orc high priest, a sun demon, a friendly fire elemental and 2
friendly air elementals.

Vanquished Creatures
  A hill giant (D:10)
  The ghost of Veiltonx the Skirmisher, a novice GrWz (D:8)
  2 orc knights (Orc:1)
  A centaur zombie (D:10)
  Joseph (D:9)
  A fire drake (D:9)
  A troll (D:11)
  Prince Ribbit (D:7)
  A wyvern (D:6)
  A hungry ghost (D:9)
  2 soldier ants
  3 wargs (Orc:1)
  5 ice beasts
  3 wasps
  13 orc warriors
  2 phantoms (D:5)
  3 black bears
  A sky beast (D:5)
  8 ogres
  4 centaurs
  16 big kobolds
  2 gnoll sergeants (D:11)
  3 giant frogs
  A wyvern skeleton (D:9)
  A water moccasin skeleton (D:11)
  2 scorpions
  7 killer bees
  5 wights (D:7)
  An electric eel (D:11)
  2 crimson imps
  3 hounds
  5 jellies
  Crazy Yiuf (D:7)
  5 giant frog skeletons
  10 orc priests
  13 orc wizards
  4 centaur skeletons
  5 iguanas
  Ijyb (D:3)
  Terence (D:3)
  11 worker ants
  4 hound skeletons
  2 worker ant zombies
  4 gnolls (D:11)
  9 adders
  A shadow imp (D:8)
  An ooze (D:3)
  An adder skeleton (D:8)
  2 worms
  6 giant geckos
  53 orcs
  4 giant cockroaches
  7 goblins
  2 hobgoblins
  13 jackals
  3 quokkas
  10 bats
  4 giant newts
  A jackal skeleton (D:7)
  16 kobolds
  12 rats
309 creatures vanquished.

Vanquished Creatures (collateral kills)
  An orc priest (Orc:1)
1 creature vanquished.

Vanquished Creatures (others)
  3 centaurs
  An adder (D:9)
  An orc (D:9)
  A kobold (D:9)
6 creatures vanquished.

Grand Total: 316 creatures vanquished

Notes
Turn   | Place    | Note
--------------------------------------------------------------
     0 | D:1      | Oddball22 the Minotaur Fighter began the quest for the Orb.
     0 | D:1      | Reached XP level 1. HP: 19/19 MP: 0/0
   244 | D:1      | Reached XP level 2. HP: 25/27 MP: 1/1
   440 | D:1      | Reached skill level 4 in Fighting
   809 | D:2      | Reached skill level 1 in Dodging
  1090 | D:2      | Reached XP level 3. HP: 22/33 MP: 2/2
  1494 | D:3      | Noticed Terence
  1500 | D:3      | Killed Terence
  1519 | D:3      | Reached XP level 4. HP: 41/41 MP: 3/3
  1623 | D:3      | Noticed Ijyb
  1637 | D:3      | Noticed an ogre
  1638 | D:3      | Killed Ijyb
  1648 | D:3      | Killed an ogre
  1648 | D:3      | Reached skill level 5 in Fighting
  1648 | D:3      | Reached XP level 5. HP: 28/48 MP: 4/4
  1782 | D:3      | Noticed an ogre
  1792 | D:3      | Killed an ogre
  1792 | D:3      | Reached XP level 6. HP: 11/56 MP: 5/5
  2121 | D:3      | Found an ancient bone altar of Kikubaaqudgha.
  2758 | D:4      | Found a snail-covered altar of Cheibriados.
  2792 | D:4      | Found a stormy altar of Qazlal.
  2825 | D:4      | Found Kiumih's Armour Boutique.
  3539 | D:5      | Entered Level 5 of the Dungeon
  3539 | D:5      | Found a staircase to the Ecumenical Temple.
  3543 | D:5      | Reached skill level 6 in Fighting
  3549 | Temple   | Entered the Ecumenical Temple
  3820 | D:5      | Reached skill level 5 in Shields
  3820 | D:5      | Reached XP level 7. HP: 55/64 MP: 6/6
  3868 | D:5      | Reached skill level 5 in Armour
  4240 | D:5      | Reached skill level 7 in Fighting
  4353 | D:5      | Reached skill level 5 in Maces & Flails
  4439 | D:4      | Became a worshipper of Qazlal Stormbringer
  4482 | D:5      | Reached XP level 8. HP: 64/73 MP: 7/7
  4689 | D:5      | Found a sacrificial altar of Ru.
  4970 | D:6      | Reached skill level 1 in Invocations
  4987 | D:6      | Reached skill level 8 in Fighting
  4994 | D:6      | Found a sparkling altar of Nemelex Xobeh.
  4994 | D:6      | Found a shimmering altar of Xom.
  4994 | D:6      | Found a glowing golden altar of the Shining One.
  4994 | D:6      | Found a bloodstained altar of Trog.
  5006 | D:6      | Found a deep blue altar of Sif Muna.
  5006 | D:6      | Found a white marble altar of Elyvilon.
  5672 | D:7      | Reached * piety under Qazlal
  5769 | D:7      | Noticed Prince Ribbit
  5777 | D:7      | Killed Prince Ribbit
  5777 | D:7      | Reached skill level 9 in Fighting
  5777 | D:7      | Reached XP level 9. HP: 60/83 MP: 9/9
  5871 | D:7      | Found an opulent altar of Gozag.
  6069 | D:7      | Gained mutation: Your spells are a little harder to cast, but a little more powerful. [potion of mutation]
  6069 | D:7      | Gained mutation: You have supernaturally acute eyesight. [potion of mutation]
  6069 | D:7      | Gained mutation: You have a beak for a mouth. [potion of mutation]
  6548 | D:7      | Noticed Crazy Yiuf
  6555 | D:7      | Killed Crazy Yiuf
  7196 | D:8      | Reached ** piety under Qazlal
  7448 | D:8      | Noticed Veiltonx's ghost (novice GrWz)
  7480 | D:8      | Killed Veiltonx's ghost
  7480 | D:8      | Reached skill level 10 in Fighting
  7590 | D:8      | Reached XP level 10. HP: 87/94 MP: 12/12
  7652 | D:8      | Found a basalt altar of Yredelemnul.
  7874 | D:8      | Found a burning altar of Makhleb.
  7874 | D:8      | Noticed a cacodemon
  8359 | D:9      | Noticed Joseph
  8820 | D:9      | Killed Joseph
  8820 | D:9      | Reached skill level 11 in Fighting
  8820 | D:9      | Reached skill level 5 in Invocations
  9008 | D:9      | Found a staircase to the Lair.
  9178 | D:9      | Found a blossoming altar of Fedhas.
  9293 | D:9      | Reached *** piety under Qazlal
  9572 | D:10     | Entered Level 10 of the Dungeon
  9665 | D:10     | Reached skill level 1 in Crossbows
  9731 | D:10     | Noticed a hill giant
  9743 | D:10     | Killed a hill giant
  9743 | D:10     | Reached XP level 11. HP: 57/103 MP: 14/14
 10403 | D:11     | Reached **** piety under Qazlal
 10539 | D:11     | Found Uvoppoq's Antique Armour Shoppe.
 10805 | D:11     | Found a radiant altar of Vehumet.
 10854 | D:11     | Found a staircase to the Orcish Mines.
 10886 | Orc:1    | Entered Level 1 of the Orcish Mines
 10900 | Orc:1    | Reached ***** piety under Qazlal
 10921 | Orc:1    | Found Muocvuc's Food Shop.
 10928 | Orc:1    | Noticed an orc knight
 10933 | Orc:1    | Killed an orc knight
 11176 | Orc:1    | Noticed an orc knight
 11181 | Orc:1    | Reached skill level 10 in Maces & Flails
 11196 | Orc:1    | Killed an orc knight
 11410 | Orc:1    | Noticed an orc high priest
 11420 | Orc:1    | Noticed a sun demon
 11424 | Orc:1    | HP: 4/103 [sun demon[an orc high priest] (16)]
 11428 | Orc:1    | Killed from afar by an orc high priest

Vault maps used:
D:1:      evilmike_arrival_hilbert_curve
D:3:      overflow_temple_1_default, kennysheep_generic_room_16, uniq_iyjb,
          uniq_terence
D:4:      nicolae_overflow_hidden_temple, old_standard_altar, first_bread,
          serial_shops, nicolae_shop_stone
D:5:      nicolae_ru_great_annihilating_truth, minmay_temple_entry_crystal_x,
          st_stairs_8, patterned_corridor
D:6:      minmay_overflow_temple_hex
D:7:      black_bear_nest_1, nicolae_overflow_crystal_walls,
          uniq_prince_ribbit1, uniq_crazy_yiuf_cottage
D:8:      makhleb_altar_promises_db, kennysheep_little_box,
          hangedman_pestilent_swarm
D:9:      fedhas_altar_4, minmay_lair_entry_lava, special_room, uniq_joseph
D:11:     kennysheep_orc_monster_closet_entryway, basic_altar, serial_shops,
          kennysheep_mini, nicolae_shop_behind_doors, shop,
          nicolae_shop_crystal, nicolae_shop_stone
Temple:   circular_temple_6
Orc:1:    serial_shops, shop, minmay_orc_temple_b

Skill      XL: |  1  2  3  4  5  6  7  8  9 10 11 |
---------------+----------------------------------+-----
Fighting       | 4 5 6 7 9 10 11 | 11.6
Dodging        | 1 2 3 4 |  4.0
Maces & Flails | 3 4 5 6 7 9 10 | 10.0
Armour         | 4 5 6 7 8 9 |  9.6
Shields        | 4 5 6 8 9 |  9.9
Invocations    | 2 4 5 6 |  6.8
Crossbows      | 1 4 |  4.0

Action                   |  1- 3 |  4- 6 |  7- 9 | 10-12 || total
-------------------------+-------+-------+-------+-------++-------
Melee: Flail             |    94 |   132 |   377 |   437 ||  1040
 Fire: Hand crossbow     |       |       |       |    15 ||    15
Invok: Elemental Force   |       |       |       |     1 ||     1
Evoke: Wand              |       |     4 |       |       ||     4
  Use: Potion            |       |       |     8 |     2 ||    10
  Eat: Chunk             |     2 |     7 |    13 |    12 ||    34
       Beef jerky        |       |       |       |     1 ||     1
